 Dungeon Crawl Stone Soup version 0.27.0-1-g7a089689b8 (webtiles) character file.

Game seed: 11240096845675139321

348 mainiacjoe the Firebug (level 6, 0/45 HPs)
             Began as a Hill Orc Fire Elementalist on Aug 8, 2021.
             Slain by Edmund (8 damage)
             ... on level 4 of the Dungeon.
             The game lasted 00:11:14 (3992 turns).

mainiacjoe the Firebug (Hill Orc Fire Elementalist) Turns: 3992, Time: 00:11:15

Health: 0/45       AC:  5    Str: 11      XL:     6   Next: 60%
Magic:  14/19      EV: 11    Int: 15 (17) God:
Gold:   86         SH:  0    Dex:  9 (11) Spells: 10/11 levels left

rFire    . . .     SeeInvis .   a - +0 long sword
rCold    . . .     Faith    .   (no shield)
rNeg     . . .     Spirit   .   h - +0 robe
rPois    .         Reflect  .   (no helmet)
rElec    .         Harm     .   j - +2 cloak
rCorr    .         Rampage  .   (no gloves)
Will     .....                  (no boots)
Stlth    +.........             (no amulet)
HPRegen  0.15/turn              g - ring of magical power
MPRegen  0.16/turn              (no ring)

@: no status effects
A: no striking features
a: no special abilities


You were on level 4 of the Dungeon.
You visited 1 branch of the dungeon, and saw 4 of its levels.

You collected 86 gold pieces.

Inventory:

Hand Weapons
 a - a +0 long sword (weapon)
 b - a +0 mace
Missiles
 c - 28 sling bullets
 d - 12 poisoned darts (quivered)
 f - 87 stones
 i - 50 bolts
 l - 18 arrows
 s - 5 boomerangs
Armour
 h - a +0 robe (worn)
 j - a +2 cloak (worn)
Jewellery
 g - a ring of magical power (left hand)
Wands
 p - a wand of charming (6)
 q - a wand of polymorph (12)
Scrolls
 e - a scroll of amnesia {unknown}
 k - 3 scrolls of teleportation
 m - a scroll of magic mapping {unknown}
 n - a scroll of identify {unknown}
Potions
 o - 3 potions of flight {unknown}
 r - a potion of might {unknown}


   Skills:
 - Level 1.5 Dodging
 - Level 1.5 Stealth
 - Level 3.0 Spellcasting
 + Level 4.3 Conjurations
 - Level 5.0 Fire Magic


You had 10 spell levels left.
You knew the following spells:

 Your Spells              Type           Power      Damage    Failure   Level
a - Foxfire               Conj/Fire      64%        2x1d7     3%          1

Your spell library contained the following spells:

 Spells                   Type           Power      Damage    Failure   Level
 Conjure Flame            Conj/Fire      16%        6-21      9%          3
 Inner Flame              Hex/Fire       9%         N/A       22%         3
 Stone Arrow              Conj/Erth      16%        3d8       24%         3
 Sticky Flame             Conj/Fire      16%        2d4       28%         4
 Fireball                 Conj/Fire      8%         3d6       63%         5
 Bolt of Magma            Conj/Fire/Erth 5%         4d5       83%         5
 Summon Forest            Summ/Tloc      1%         N/A       99%         5
 Eringya's Noxious Bog    Tmut/Pois      1%         N/A       100%        6
 Summon Hydra             Summ           1%         N/A       100%        7
 Shatter                  Erth           1%         3d5*      100%        9


Dungeon Overview and Level Annotations

Branches:
Dungeon (4/15)
 Temple: D:4-7

Altars:

Annotations:
D:4 Edmund


Message History

Confirm with . or Enter, or press ? or * to list all spells.
You conjure some foxfire!
Edmund hits you with a +1 flail of holy wrath.
You hit Edmund.
Edmund is moderately wounded.
The foxfire hits Edmund.
Edmund is moderately wounded.
Edmund closely misses you.
You riposte.
You barely miss Edmund.
Edmund is moderately wounded.
Edmund completely misses you.
You riposte.
You hit Edmund.
Edmund is heavily wounded.
Casting: Foxfire (safe; 3% risk of failure)
Confirm with . or Enter, or press ? or * to list all spells.
You conjure some foxfire!
Edmund hits you with a +1 flail of holy wrath!
You closely miss Edmund.
Edmund is heavily wounded.
The foxfire hits Edmund.
Edmund is heavily wounded.
Edmund misses you.
You riposte.
You hit Edmund.
Edmund is severely wounded.
Unknown command.
Casting: Foxfire (safe; 3% risk of failure)
Confirm with . or Enter, or press ? or * to list all spells.
You conjure some foxfire!
Edmund hits you with a +1 flail of holy wrath.
* * * LOW HITPOINT WARNING * * *
You closely miss Edmund.
Edmund is severely wounded.
The foxfire hits Edmund.
Edmund is severely wounded.
Edmund hits you with a +1 flail of holy wrath.
* * * LOW HITPOINT WARNING * * *
Edmund closely misses you.
You riposte.
You barely miss Edmund.
Edmund is severely wounded.
Casting: Foxfire (safe; 3% risk of failure)
Confirm with . or Enter, or press ? or * to list all spells.
You conjure some foxfire!
Edmund hits you with a +1 flail of holy wrath!
You die...

#.# ....... #.#
..... #.# ... #.#
#'# #'#### #.#
.....# #.# .....#
#.#
.....###########@#
.....#.........v@#
.....#.###########
..........#
..##......#
..........#
#.#......##
.>.........
.#.######## #.#.


You could see Edmund (ally target).

Vanquished Creatures
  An ogre (D:4)
  Crazy Yiuf (D:2)
  Natasha (thrice) (D:3)
  2 orc wizards (D:3)
  3 adders
  A worm (D:3)
  3 dart slugs
  10 orcs (D:3)
  7 endoplasms
  4 giant cockroaches
  4 goblins
  7 hobgoblins
  5 kobolds
  2 quokkas
  3 ball pythons (D:1)
  7 bats
  7 frilled lizards
  4 rats
74 creatures vanquished.

Vanquished Creatures (collateral kills)
  A foxfire (D:3)
1 creature vanquished.

Vanquished Creatures (others)
  A rat (D:2)
  216 foxfires
217 creatures vanquished.

Grand Total: 292 creatures vanquished

Notes
Turn   | Place    | Note
-------+----------+-------------------------------------------
     0 | D:1      | mainiacjoe the Hill Orc Fire Elementalist began the quest
                  | for the Orb.
     0 | D:1      | Reached XP level 1. HP: 14/14 MP: 3/3
   334 | D:1      | Reached XP level 2. HP: 19/20 MP: 1/4
   780 | D:1      | Found a faded altar of an unknown god.
  1111 | D:1      | Reached XP level 3. HP: 26/26 MP: 6/6
  2191 | D:2      | Reached XP level 4. HP: 33/33 MP: 7/7
  2392 | D:2      | Found a runed translucent door.
  2393 | D:2      | Noticed Crazy Yiuf
  2410 | D:2      | Killed Crazy Yiuf
  2411 | D:2      | Reached skill level 4 in Fire Magic
  2785 | D:3      | Noticed Natasha
  2792 | D:3      | Killed Natasha
  2793 | D:3      | Reached XP level 5. HP: 38/38 MP: 9/9
  3052 | D:3      | Noticed Natasha
  3057 | D:3      | Killed Natasha
  3094 | D:3      | Noticed Natasha
  3099 | D:3      | Killed Natasha
  3376 | D:3      | Reached XP level 6. HP: 41/45 MP: 9/10
  3976 | D:4      | Noticed Edmund
  3980 | D:4      | Reached skill level 5 in Fire Magic
  3992 | D:4      | Slain by Edmund

Illustrated notes

Levels and vault maps discovered:
D:1:      minmay_arrival_four_circles, layout_loops_ring,
          ebering_ecumenical_altar_abandoned
D:2:      layout_basic, minmay_misc_feat_roman, lemuel_another_geyser,
          uniq_crazy_yiuf_cottage
D:3:      minmay_spotlight, layout_loops_corners, uniq_natasha
D:4:      layout_basic, serial_shops, shop, nicolae_shop_clearance, uniq_edmund

Skill      XL: |  1  2  3  4  5  6 |
---------------+-------------------+-----
Spellcasting   | 2 3 |  3.0
Conjurations   | 2 4 |  4.3
Fire Magic     | 4 5 |  5.0
Dodging        | |  1.5
Stealth        | |  1.5

Action                   |  1- 3 |  4- 6 || total
-------------------------+-------+-------++-------
Melee: Mace              |     5 |       ||     5
       Long sword        |    32 |    36 ||    68
Throw: Dart              |    19 |    35 ||    54
 Cast: Foxfire           |    62 |    71 ||   133
  Use: Scroll            |     1 |       ||     1
       Potion            |       |     2 ||     2
Armor: Robe              |     4 |     9 ||    13
Dodge: Dodged            |    19 |    19 ||    38
       Rpst.: Long sword |     3 |     9 ||    12
